[Event "Titled Tuesday Blitz June 20 Early 2023"]
[White "Przybylski, Wojciech"]
[Black "Seemann, Jakub"]
[WhiteFideId "1117599"]
[BlackFideId "21874697"]
[WhiteElo "2228"]
[BlackElo "2364"]
[Result "0-1"]
[Round "6"]
[TimeControl "180+2"]
[Date "2023.06.20"]
[WhiteClock "0:00:01"]
[BlackClock "0:01:32"]
[Board "104"]

1. d4 Nf6 2. Nf3 g6 3. g3 Bg7 4. Bg2 O-O 5. O-O d5 6. c4 dxc4 7. Qc2 Nbd7 8. Qxc4 Nb6 9. Qc2 Bf5 10. Qb3 Be4 11. Bf4 c6 12. Nc3 Bd5 13. Nxd5 cxd5 14. Ne5 e6 15. g4 Nfd7 16. h3 Nxe5 17. Bxe5 Bxe5 18. dxe5 Nc4 19. f4 Nd2 20. Qxb7 Nxf1 21. Kxf1 Rb8 22. Qxa7 Rxb2 23. Qd4 Qb8 24. Qd3 Rc8 25. Bf3 Rcc2 26. a4 Ra2 27. Rd1 Qb2 28. h4 Rxa4 29. f5 Rc1 30. Rxc1 Qxc1+ 31. Kf2 Qc5+ 32. Kg2 Qd4 33. Qb3 Ra8 34. Qb7 Rf8 35. Qc7 gxf5 36. gxf5 Qxh4 37. f6 Kh8 38. Kf1 Qg3 39. Qc5 Rg8 40. Qd4 Rg5 41. Qa7 Qxe5 42. Qb8+ Qxb8 0-1


[Site "https://www.chess.com"]

[Event "Titled Tuesday Blitz June 20 Early 2023"]
[White "Baches Garcia, Guillermo"]
[Black "Gubajdullin, Alexei"]
[WhiteFideId "2209764"]
[BlackFideId "4141202"]
[WhiteElo "2485"]
[BlackElo "2279"]
[Result "1-0"]
[Round "6"]
[TimeControl "180+2"]
[Date "2023.06.20"]
[WhiteClock "0:01:12"]
[BlackClock "0:01:08"]
[Board "105"]

1. e4 c6 2. d4 d5 3. e5 Bf5 4. h4 h5 5. Bd3 Bxd3 6. Qxd3 e6 7. Nf3 Qa5+ 8. Nbd2 Qa6 9. c4 Nd7 10. O-O Nh6 11. b3 Nf5 12. a4 Be7 13. Ba3 Bxh4 14. Nxh4 Nxh4 15. b4 dxc4 16. Nxc4 Nf5 17. b5 cxb5 18. axb5 Qxb5 19. Qxf5 Qxc4 20. Qg5 f6 21. Qxg7 O-O-O 22. Rac1 Nb6 23. Rxc4+ Nxc4 24. Rc1 b5 25. Qxa7 fxe5 26. dxe5 Rhg8 27. Bd6 1-0


[Site "https://www.chess.com"]

[Event "Titled Tuesday Blitz June 20 Early 2023"]
[White "ATM622"]
[Black "Toncheva, Nadya"]
[BlackFideId "2924056"]
[WhiteElo "2614"]
[BlackElo "2101"]
[Result "1-0"]
[Round "6"]
[TimeControl "180+2"]
[Date "2023.06.20"]
[WhiteClock "0:01:09"]
[BlackClock "0:00:00"]
[Board "106"]

1. d4 d5 2. c4 dxc4 3. e3 Nf6 4. Bxc4 e6 5. Nf3 c5 6. O-O a6 7. a4 Nc6 8. Nc3 Qc7 9. d5 exd5 10. Nxd5 Nxd5 11. Bxd5 Be7 12. e4 O-O 13. Be3 Nb4 14. Rc1 Nxd5 15. exd5 Bd6 16. Bxc5 Bxc5 17. b4 Bxf2+ 18. Rxf2 Qd6 19. Qd4 Bd7 20. a5 Rac8 21. Rfc2 Rfe8 22. Rxc8 Bxc8 23. Qc5 Qxc5+ 24. bxc5 Kf8 25. d6 Bd7 26. Nd4 Re4 27. Nf3 Ra4 28. Ne5 Be6 29. c6 bxc6 30. Nxc6 Ke8 31. Rb1 Kd7 32. Rb6 Ra1+ 33. Kf2 Ra2+ 34. Kg3 Ra3+ 35. Kf4 Kxd6 36. Nb4+ Ke7 37. Rxa6 Ra4 38. Rb6 Kf6 39. a6 g5+ 40. Ke3 Ke5 41. a7 Ra3+ 42. Kd2 Kf4 43. Ra6 Rxa6 44. Nxa6 Bd5 45. g3+ Kg4 46. Nc7 Bb7 47. a8=Q Bxa8 48. Nxa8 Kh3 49. Ke3 Kxh2 50. Kf3 Kh3 51. Nc7 h5 52. Nd5 g4+ 53. Kf2 h4 54. Nf4+ Kh2 55. gxh4 g3+ 56. Kf3 1-0


[Site "https://www.chess.com"]

[Event "Titled Tuesday Blitz June 20 Early 2023"]
[White "Rizzo, Tobias"]
[Black "Becerra, Juan David"]
[WhiteFideId "30942691"]
[BlackFideId "4404998"]
[WhiteElo "2478"]
[BlackElo "2304"]
[Result "1/2-1/2"]
[Round "6"]
[TimeControl "180+2"]
[Date "2023.06.20"]
[WhiteClock "0:00:05"]
[BlackClock "0:00:13"]
[Board "107"]

1. d4 d5 2. Bf4 c5 3. e3 Nf6 4. c3 Nc6 5. Nd2 Bg4 6. Qb3 Qc8 7. Ngf3 e6 8. Ne5 Nxe5 9. Bxe5 Nd7 10. h3 Bf5 11. g4 c4 12. Qa4 Bg6 13. Bg3 a6 14. Be2 b5 15. Qd1 h6 16. O-O Be7 17. f4 Nf6 18. Bf3 Be4 19. Nxe4 Nxe4 20. Bxe4 dxe4 21. Qc2 f5 22. Rad1 O-O 23. Kh2 Qc6 24. Qe2 g6 25. h4 Qd5 26. h5 gxh5 27. gxh5 Kh7 28. Rg1 Rg8 29. Rg2 Rg4 30. Rdg1 Rag8 31. Be1 Rxg2+ 32. Rxg2 Qd8 33. Rxg8 Qxg8 34. Qg2 Qf7 35. Qh3 Bf6 36. Bh4 Bg7 37. Bd8 Bf8 38. Ba5 Be7 39. a3 Bf6 40. Bb4 Qe8 41. Bc5 Kg8 42. Qg3+ Bg7 43. Qh3 Kf7 44. Qg3 Kg8 45. Qh3 Kh8 46. Bd6 Kh7 47. Bb4 Qf7 48. Bc5 Bf6 49. Bb4 Bd8 50. Bc5 a5 51. Bd6 Qd7 52. Bc5 Qf7 53. Bd6 Bf6 54. Bc5 Be7 55. Bxe7 Qxe7 56. Qg3 Qf7 57. Qh4 Kg7 58. Kg3 Kf8 59. Qd8+ Kg7 60. Qh4 Kh7 61. Kf2 Qg7 62. Qg3 Qf7 63. Qh4 Kg7 64. Qg3+ Kf8 65. Qh4 Ke8 66. Kg3 Kd7 67. Kf2 Kc6 68. Qd8 Qxh5 69. Qc8+ Kd6 70. Qd8+ Kc6 71. Qc8+ Kb6 72. Qb8+ Kc6 73. Qc8+ 1/2-1/2


[Site "https://www.chess.com"]

[Event "Titled Tuesday Blitz June 20 Early 2023"]
[White "Arat, Ufuk Sezen"]
[Black "Santos Flores, Alberto"]
[WhiteFideId "6309089"]
[BlackFideId "3601234"]
[WhiteElo "2289"]
[BlackElo "2235"]
[Result "0-1"]
[Round "6"]
[TimeControl "180+2"]
[Date "2023.06.20"]
[WhiteClock "0:00:10"]
[BlackClock "0:00:27"]
[Board "108"]

1. e4 c5 2. Nf3 Nc6 3. d4 cxd4 4. Nxd4 g6 5. c4 Nf6 6. Nc3 d6 7. Be3 Ng4 8. Nxc6 bxc6 9. Bd2 Qb6 10. Qe2 Qxb2 11. Rb1 Qa3 12. h3 Nf6 13. Rb3 Qc5 14. Be3 Qa5 15. Bd2 Bg7 16. f4 O-O 17. Qf3 Be6 18. Be2 Rab8 19. Nd5 Qxa2 20. Nxe7+ Kh8 21. Rxb8 Rxb8 22. e5 dxe5 23. fxe5 Qa1+ 24. Bd1 Qxe5+ 25. Qe2 Qxe2+ 26. Bxe2 Rb1+ 27. Bd1 Bxc4 28. Nxc6 Ne4 29. Na5 Bd5 30. Rf1 Ra1 31. Rf3 Nxd2 32. Rd3 Rxa5 33. Kxd2 h5 34. g4 hxg4 35. Bxg4 Kh7 36. Rg3 Be6 37. Be2 Ra2+ 38. Ke1 a5 39. Re3 a4 0-1


[Site "https://www.chess.com"]

[Event "Titled Tuesday Blitz June 20 Early 2023"]
[White "Mattheii"]
[Black "Krstulovic, Alex"]
[BlackFideId "760056"]
[WhiteElo "2471"]
[BlackElo "2311"]
[Result "0-1"]
[Round "6"]
[TimeControl "180+2"]
[Date "2023.06.20"]
[WhiteClock "0:00:03"]
[BlackClock "0:00:30"]
[Board "109"]

1. d4 Nf6 2. c4 e6 3. Nc3 d5 4. Bg5 a6 5. e3 Be7 6. Nf3 O-O 7. cxd5 exd5 8. Qc2 Be6 9. Bd3 Nbd7 10. O-O Re8 11. Ne2 h6 12. Bh4 Rc8 13. Rac1 c5 14. dxc5 Nxc5 15. Ned4 Nfe4 16. Nxe6 fxe6 17. Bxe7 Qxe7 18. Bxe4 dxe4 19. Nd2 Qh4 20. b4 Nd3 21. Qxc8 Rxc8 22. Rxc8+ Kh7 23. Rc4 Qe7 24. a3 Ne5 25. Rxe4 Qc7 26. Nf3 Nc4 27. Rc1 b5 28. Ne5 Qb7 29. f3 Nd2 30. Rd4 Nb3 31. Rcd1 Nxd4 32. Rxd4 Qc7 33. Kf2 Qxe5 0-1


[Site "https://www.chess.com"]

[Event "Titled Tuesday Blitz June 20 Early 2023"]
[White "Janaszak, Dawid"]
[Black "Manukian, Artak"]
[WhiteFideId "1119206"]
[BlackFideId "13301373"]
[WhiteElo "2220"]
[BlackElo "2130"]
[Result "1-0"]
[Round "6"]
[TimeControl "180+2"]
[Date "2023.06.20"]
[WhiteClock "0:00:42"]
[BlackClock "0:01:15"]
[Board "110"]

1. e4 c6 2. Nf3 d5 3. Nc3 dxe4 4. Nxe4 Nf6 5. Nxf6+ exf6 6. d4 Bd6 7. c3 O-O 8. Be3 Bg4 9. Qc2 Re8 10. Bd3 h6 11. h3 Be6 12. O-O-O Bxa2 13. b3 Ba3+ 14. Kd2 Bxb3 15. Qxb3 Bf8 16. Qxb7 Nd7 17. Rb1 a5 18. Qxc6 f5 19. Rb7 Nf6 20. Bc4 Re7 21. Rxe7 Bxe7 22. Ne5 Ne4+ 23. Kc2 Nd6 24. Ba2 Bf6 25. Nd7 Ne4 26. Nxf6+ Nxf6 27. Rb1 Rc8 28. Qb7 Ne4 29. Qxf7+ Kh8 30. Rb7 1-0


[Site "https://www.chess.com"]

[Event "Titled Tuesday Blitz June 20 Early 2023"]
[White "Balla, Tamas-Kristof"]
[Black "Degenbaev, Aziz"]
[WhiteFideId "1208497"]
[BlackFideId "13802640"]
[WhiteElo "2334"]
[BlackElo "2152"]
[Result "0-1"]
[Round "6"]
[TimeControl "180+2"]
[Date "2023.06.20"]
[WhiteClock "0:00:07"]
[BlackClock "0:00:03"]
[Board "111"]

1. e4 c5 2. Nf3 d6 3. d4 cxd4 4. Qxd4 a6 5. c4 Nc6 6. Qe3 g6 7. h3 Bg7 8. Be2 Nf6 9. O-O O-O 10. Rd1 Qc7 11. Nc3 b6 12. Rb1 Bb7 13. b3 Rac8 14. Bb2 Ba8 15. Rbc1 Qb8 16. Na4 Nd7 17. Bxg7 Kxg7 18. Nc3 Nc5 19. Nd5 e6 20. Qc3+ f6 21. Nf4 Rce8 22. Qe3 Ne5 23. Nd4 a5 24. a3 Kf7 25. b4 axb4 26. axb4 Nxe4 27. Ndxe6 g5 28. Nxf8 gxf4 29. Qxf4 Rxf8 30. c5 bxc5 31. bxc5 dxc5 32. Qh6 Kg8 33. Bc4+ Nxc4 34. Rxc4 Qb7 35. f3 Ng5 36. Rg4 Qb3 37. Rd7 Qb1+ 38. Kh2 Qb8+ 39. f4 Rf7 40. Rxf7 Kxf7 41. Qh5+ Ke7 42. Rg3 Qxf4 43. h4 Ne4 44. Qxh7+ Kd6 45. Qg8 Qxg3+ 46. Qxg3+ Nxg3 47. Kxg3 Be4 48. h5 Ke5 49. Kf2 Kf4 50. g3+ Kg5 51. Ke3 Bh7 52. Kd2 Bg8 53. Kc3 c4 54. h6 Kxh6 55. g4 0-1


[Site "https://www.chess.com"]

[Event "Titled Tuesday Blitz June 20 Early 2023"]
[White "Belov, Alexei"]
[Black "Bazilius, Augustinas"]
[WhiteFideId "4128206"]
[BlackFideId "12832251"]
[WhiteElo "2574"]
[BlackElo "1980"]
[Result "0-1"]
[Round "6"]
[TimeControl "180+2"]
[Date "2023.06.20"]
[WhiteClock "0:00:08"]
[BlackClock "0:00:11"]
[Board "112"]

1. e4 c5 2. Nf3 e6 3. d4 cxd4 4. Nxd4 a6 5. Nc3 b5 6. Be2 Bb7 7. Bf3 Nf6 8. e5 Bxf3 9. Qxf3 Nd5 10. Nxd5 exd5 11. Qxd5 Ra7 12. O-O Qb6 13. Be3 Rc7 14. c3 Bc5 15. Nf5 O-O 16. Rad1 Re8 17. Nd6 Rf8 18. Bxc5 Rxc5 19. Qe4 Nc6 20. Rd5 Rxd5 21. Qxd5 b4 22. c4 Ne7 23. Qe4 Qc5 24. Kh1 Qa5 25. Ra1 b3 26. a3 Qd2 27. Rb1 Qxf2 28. h3 Ng6 29. Qd3 Nf4 30. Qf3 Qxf3 31. gxf3 Nxh3 32. Rc1 Nf2+ 33. Kg2 Nd3 34. Rc3 Nc5 35. f4 f6 36. Re3 fxe5 37. fxe5 Rf4 38. Kg3 Rd4 39. Kf3 Rd2 40. Re2 Rxe2 41. Kxe2 h5 42. Ke3 h4 43. Kf4 Nd3+ 44. Kg4 Nxb2 45. Ne4 Nd3 46. Kxh4 Nxe5 47. Nd2 b2 48. Kg5 Nxc4 49. Nb1 Kf7 50. Kf5 g6+ 51. Ke4 Kf6 52. Kd4 Nd6 53. Kc3 g5 54. Kxb2 Kf5 55. Nd2 g4 56. Nf1 Kf4 57. Kc3 Nb7 58. Kc4 Ke5 59. Ne3 g3 60. a4 d6 61. Kd3 Nc5+ 62. Kc4 Nxa4 63. Kb4 Nc5 64. Ka5 Ke4 65. Ng2 Kf3 66. Nh4+ Kf2 67. Kb6 g2 68. Nxg2 Kxg2 69. Kc6 Nb7 70. Kxb7 d5 71. Kxa6 d4 72. Kb5 d3 73. Kc4 d2 0-1


[Site "https://www.chess.com"]

[Event "Titled Tuesday Blitz June 20 Early 2023"]
[White "Aldokhin, Ivan"]
[Black "i_like_explosions"]
[WhiteFideId "24115720"]
[WhiteElo "2322"]
[BlackElo "2403"]
[Result "1-0"]
[Round "6"]
[TimeControl "180+2"]
[Date "2023.06.20"]
[WhiteClock "0:00:18"]
[BlackClock "0:00:05"]
[Board "113"]

1. e4 c5 2. Nf3 Nc6 3. d4 cxd4 4. Nxd4 Nf6 5. Nc3 e5 6. Ndb5 d6 7. Bg5 a6 8. Na3 b5 9. Nd5 Be7 10. Bxf6 Bxf6 11. c3 Bg5 12. Nc2 Ne7 13. a4 bxa4 14. Rxa4 Nxd5 15. Qxd5 Be6 16. Qd1 a5 17. Bb5+ Bd7 18. Na3 Bxb5 19. Nxb5 Ra6 20. O-O O-O 21. Qd5 Qb6 22. Rd1 h6 23. g3 Rc8 24. Rc4 Rd8 25. Rc7 Rf8 26. h4 Bd8 27. Rb7 Qc5 28. Nxd6 Qxd5 29. Rxd5 Bb6 30. Nc4 Bd8 31. Nxe5 f6 32. Ng6 Re8 33. Rb8 1-0


[Site "https://www.chess.com"]

[Event "Titled Tuesday Blitz June 20 Early 2023"]
[White "MKlose11"]
[Black "Ziegler, Ari"]
[BlackFideId "1700987"]
[WhiteElo "2570"]
[BlackElo "2288"]
[Result "1-0"]
[Round "6"]
[TimeControl "180+2"]
[Date "2023.06.20"]
[WhiteClock "0:01:20"]
[BlackClock "0:00:13"]
[Board "114"]

1. e4 e6 2. Nf3 d5 3. e5 c5 4. b4 b6 5. bxc5 bxc5 6. c3 Nc6 7. Be2 Bd7 8. d4 Nh6 9. Bxh6 gxh6 10. O-O cxd4 11. cxd4 Bg7 12. Nbd2 O-O 13. Nb3 f6 14. exf6 Qxf6 15. Qd2 Be8 16. Rac1 Rc8 17. Ba6 Rc7 18. Ne5 Qg5 19. f4 Qe7 20. Bd3 Nxe5 21. dxe5 Rxc1 22. Rxc1 Bg6 23. g3 h5 24. Nd4 h4 25. Qc2 Bxd3 26. Qxd3 hxg3 27. hxg3 Qf7 28. Rc6 Bxe5 29. Nxe6 Qb7 30. Qxd5 Qb1+ 31. Kg2 Qb2+ 32. Kh3 1-0


[Site "https://www.chess.com"]

[Event "Titled Tuesday Blitz June 20 Early 2023"]
[White "Ambartsumova, Karina"]
[Black "Fernandez Siles, Luis"]
[WhiteFideId "4166299"]
[BlackFideId "2209420"]
[WhiteElo "2240"]
[BlackElo "2195"]
[Result "1-0"]
[Round "6"]
[TimeControl "180+2"]
[Date "2023.06.20"]
[WhiteClock "0:01:07"]
[BlackClock "0:01:14"]
[Board "115"]

1. Nf3 Nf6 2. c4 g6 3. d4 Bg7 4. Nc3 O-O 5. e4 d6 6. Be2 c5 7. h3 Nc6 8. d5 Na5 9. O-O e5 10. dxe6 Bxe6 11. Nd2 Nc6 12. f4 Nd4 13. Bd3 Bd7 14. e5 dxe5 15. fxe5 Nh5 16. Nde4 Bxe5 17. Bh6 Qh4 18. Bg5 Nf5 19. Bxh4 Nxh4 20. g4 Bd4+ 21. Kh1 1-0


[Site "https://www.chess.com"]

[Event "Titled Tuesday Blitz June 20 Early 2023"]
[White "Mazurkiewicz, Michal"]
[Black "Leenhouts, Koen"]
[WhiteFideId "1124943"]
[BlackFideId "1008439"]
[WhiteElo "2063"]
[BlackElo "2409"]
[Result "0-1"]
[Round "6"]
[TimeControl "180+2"]
[Date "2023.06.20"]
[WhiteClock "0:00:00"]
[BlackClock "0:01:00"]
[Board "116"]

1. e4 e5 2. Nf3 Nc6 3. Bb5 g6 4. O-O Bg7 5. c3 a6 6. Ba4 d6 7. d4 Bd7 8. d5 Nb8 9. Bxd7+ Nxd7 10. c4 h6 11. Nc3 Ne7 12. Ne1 O-O 13. Nd3 f5 14. f3 b6 15. Be3 Nf6 16. b4 a5 17. a3 Qd7 18. h3 f4 19. Bf2 g5 20. c5 h5 21. cxb6 cxb6 22. Bxb6 g4 23. hxg4 hxg4 24. bxa5 g3 25. Re1 Rxa5 26. Bxa5 Qa7+ 27. Kf1 Qxa5 28. Qb3 Kf7 29. Rec1 Rh8 30. Ke2 Qa7 31. Nd1 Rh2 32. Ne1 Qg1 33. Rc7 Rxg2+ 34. Nxg2 Qxg2+ 35. Kd3 Qxf3+ 36. Kc2 Qxe4+ 37. Qd3 Qxd3+ 38. Kxd3 Nxd5 39. Ra7 e4+ 40. Kxe4 Bxa1 41. a4 g2 0-1


[Site "https://www.chess.com"]

[Event "Titled Tuesday Blitz June 20 Early 2023"]
[White "Buscar, Michael"]
[Black "Yelisieiev, Yevhenii"]
[WhiteFideId "2603616"]
[BlackFideId "14139642"]
[WhiteElo "2010"]
[BlackElo "2403"]
[Result "1-0"]
[Round "6"]
[TimeControl "180+2"]
[Date "2023.06.20"]
[WhiteClock "0:00:13"]
[BlackClock "0:00:00"]
[Board "117"]

1. d4 d6 2. c4 e5 3. dxe5 dxe5 4. Qxd8+ Kxd8 5. Nf3 f6 6. Nc3 Be6 7. e3 Nd7 8. Be2 c6 9. O-O Kc7 10. Rd1 Nh6 11. Bd2 Nf7 12. Be1 Be7 13. Nd2 a5 14. b3 Rhd8 15. h3 f5 16. e4 g6 17. f3 Nc5 18. Nf1 Ng5 19. exf5 gxf5 20. Bf2 b6 21. Bg3 Bf6 22. Rxd8 Rxd8 23. Rd1 Rxd1 24. Nxd1 f4 25. Bf2 e4 26. Bxc5 bxc5 27. Nd2 Bd4+ 28. Kf1 Bf5 29. fxe4 Nxe4 30. Nf3 Ng3+ 31. Ke1 Bb1 32. Nd2 Nxe2 33. Kxe2 Bxa2 34. Kd3 Kb6 35. Kc2 a4 36. Nc3 Bxb3+ 37. Nxb3 axb3+ 38. Kxb3 Kc7 39. Ne2 Be5 40. Kc2 Kd6 41. Kd3 Ke6 42. Ke4 Bd6 43. Nxf4+ Bxf4 44. Kxf4 Kf6 45. g4 Kg6 46. h4 h6 47. g5 hxg5+ 48. hxg5 Kg7 49. Kf5 Kf7 50. g6+ Kg7 51. Kg5 Kg8 52. Kf6 Kf8 53. Ke6 Kg7 54. Kd6 Kxg6 55. Kxc6 Kf7 56. Kxc5 Ke7 57. Kc6 Kd8 58. Kd6 Kc8 59. c5 Kd8 60. c6 Kc8 61. c7 Kb7 62. Kd7 Kb6 63. c8=Q Ka5 64. Qc6 1-0


[Site "https://www.chess.com"]

[Event "Titled Tuesday Blitz June 20 Early 2023"]
[White "Nithyalakshmi, Sivanesan"]
[Black "Akylbek2021"]
[WhiteFideId "5706955"]
[WhiteElo "1815"]
[BlackElo "2527"]
[Result "1-0"]
[Round "6"]
[TimeControl "180+2"]
[Date "2023.06.20"]
[WhiteClock "0:00:19"]
[BlackClock "0:00:08"]
[Board "118"]

1. e4 e6 2. d4 d5 3. Bd3 Nf6 4. e5 Nfd7 5. Nf3 b6 6. Ng5 Qe7 7. Nxh7 Ba6 8. Nxf8 Nxf8 9. c3 Bxd3 10. Qxd3 Nbd7 11. Bf4 Ng6 12. Be3 O-O-O 13. Qa6+ Kb8 14. Na3 c6 15. Nc2 Rc8 16. a4 Rc7 17. a5 b5 18. Nb4 Rhc8 19. Nxc6+ Rxc6 20. Qxb5+ Ka8 21. O-O a6 22. Qd3 Qh4 23. g3 Qh3 24. f4 Qg4 25. b4 Nb8 26. Rfc1 Nh4 27. b5 Rc4 28. bxa6 Nxa6 29. Rab1 Qf5 30. Qe2 Qg6 31. Rb6 Ka7 32. Rcb1 R8c7 33. Qb2 Nb4 34. Rxb4 Nf3+ 35. Kf2 Qxb1 36. Qxb1 Nxh2 37. a6 Ng4+ 38. Kf3 Nxe3 39. Rb7+ Ka8 40. Rb8+ 1-0


[Site "https://www.chess.com"]

[Event "Titled Tuesday Blitz June 20 Early 2023"]
[White "Berezin, Viktor"]
[Black "De Souza, Cristiano Gomes"]
[WhiteFideId "14107872"]
[BlackFideId "2151758"]
[WhiteElo "2310"]
[BlackElo "2068"]
[Result "1-0"]
[Round "6"]
[TimeControl "180+2"]
[Date "2023.06.20"]
[WhiteClock "0:01:25"]
[BlackClock "0:01:28"]
[Board "119"]

1. d4 Nf6 2. Nf3 g6 3. g3 Bg7 4. Bg2 O-O 5. O-O Nc6 6. c4 d6 7. Nc3 Bf5 8. Ne1 Qd7 9. e4 Bh3 10. Nc2 Bxg2 11. Kxg2 e5 12. d5 Ne7 13. Be3 c6 14. f3 cxd5 15. cxd5 Rfc8 16. Qd3 a6 17. a4 Ne8 18. Rfc1 f5 19. b4 Nf6 20. Na3 h6 21. Nc4 Qd8 22. Nb6 f4 23. Bf2 fxg3 24. hxg3 Nh5 25. Nxa8 Rxa8 26. b5 Kh7 27. b6 Ng8 28. Ne2 Qg5 29. Rc7 Ngf6 30. Be3 Nf4+ 31. Nxf4 exf4 32. Bxf4 1-0


[Site "https://www.chess.com"]

[Event "Titled Tuesday Blitz June 20 Early 2023"]
[White "Tsukerman, Julia"]
[Black "Kuzmin, Roman"]
[WhiteFideId "2621649"]
[BlackFideId "44134932"]
[WhiteElo "1667"]
[BlackElo "2122"]
[Result "0-1"]
[Round "6"]
[TimeControl "180+2"]
[Date "2023.06.20"]
[WhiteClock "0:00:01"]
[BlackClock "0:01:29"]
[Board "120"]

1. e4 c5 2. Nf3 d6 3. d4 cxd4 4. Nxd4 Nf6 5. Nc3 a6 6. Be3 e5 7. Nb3 Be6 8. f3 h5 9. Qd2 Nbd7 10. O-O-O Be7 11. Be2 b5 12. g3 Nb6 13. Bxb6 Qxb6 14. Nd5 Nxd5 15. exd5 Bd7 16. f4 Bf6 17. Rhe1 a5 18. Kb1 a4 19. Nc1 a3 20. b3 O-O 21. Bxh5 Rac8 22. Ne2 Bf5 23. Rc1 b4 24. g4 Be4 25. g5 Be7 26. Ng3 Bh7 27. fxe5 Bxg5 28. Qd1 Bxc1 29. Qxc1 Rxc2 30. Qxc2 Bxc2+ 31. Kxc2 Qd4 32. Re4 Qc3+ 33. Kd1 Qd3+ 34. Ke1 Rc8 35. Re2 Rc1+ 36. Kf2 Rc2 37. exd6 Rxe2+ 38. Bxe2 Qxd5 39. Bf3 Qxd6 40. Ne4 Qd4+ 0-1


[Site "https://www.chess.com"]

[Event "Titled Tuesday Blitz June 20 Early 2023"]
[White "Hambleton, Aman"]
[Black "Marn, Jan"]
[WhiteFideId "2606577"]
[BlackFideId "14619245"]
[WhiteElo "2511"]
[BlackElo "2242"]
[Result "1-0"]
[Round "6"]
[TimeControl "180+2"]
[Date "2023.06.20"]
[WhiteClock "0:00:04"]
[BlackClock "0:00:00"]
[Board "122"]

1. e4 e5 2. Nf3 Nc6 3. c3 Nf6 4. Qa4 Be7 5. d4 exd4 6. e5 Nd5 7. cxd4 O-O 8. Qb3 Nb6 9. d5 Nb8 10. Nc3 d6 11. Bf4 dxe5 12. Nxe5 N8d7 13. Nxd7 Bxd7 14. Be2 Bc5 15. O-O Re8 16. Bf3 Qf6 17. Bxc7 Rac8 18. d6 Bxd6 19. Ne4 Rxe4 20. Bxd6 Ree8 21. Bg3 Bc6 22. Bxc6 Qxc6 23. a4 a5 24. h3 Nd5 25. Rfd1 Nb4 26. Bd6 Qc2 27. Qxc2 Rxc2 28. Bxb4 axb4 29. Rd7 Rxb2 30. Rxb7 Kf8 31. a5 Ra8 32. a6 Rc2 33. a7 Rcc8 34. Rxb4 Ke7 35. Rb7+ Kd6 36. Rxf7 Rc7 37. Rxc7 Kxc7 38. g3 Kb7 39. Kg2 Rxa7 40. Rxa7+ Kxa7 41. Kf3 Kb7 42. Ke4 Kc6 43. Ke5 Kd7 44. Kf5 Ke7 45. Ke5 Kd7 46. f4 Ke7 47. g4 Kd7 48. f5 Ke7 49. g5 Kd7 50. f6 gxf6+ 51. Kxf6 1-0


[Site "https://www.chess.com"]

[Event "Titled Tuesday Blitz June 20 Early 2023"]
[White "Danielyan, Vahe"]
[Black "KorolDimitriy75"]
[WhiteFideId "13304828"]
[WhiteElo "2423"]
[BlackElo "2424"]
[Result "1-0"]
[Round "6"]
[TimeControl "180+2"]
[Date "2023.06.20"]
[WhiteClock "0:00:31"]
[BlackClock "0:00:00"]
[Board "123"]

1. e4 c5 2. Nc3 g6 3. d4 cxd4 4. Qxd4 Nf6 5. Be3 Nc6 6. Qd2 Bg7 7. f3 O-O 8. O-O-O d6 9. Kb1 Qa5 10. h4 Be6 11. Nge2 Rfc8 12. Nf4 Ne5 13. Nxe6 fxe6 14. h5 Nc4 15. Bxc4 Rxc4 16. hxg6 hxg6 17. Bh6 Rac8 18. Nd5 Qxd2 19. Nxf6+ Bxf6 20. Rxd2 Kf7 21. Be3 b6 22. c3 Rg8 23. Bd4 g5 24. Rh6 e5 25. Be3 g4 26. Kc2 gxf3 27. gxf3 Rg3 28. Kd3 Rc8 29. Rf2 Rcg8 30. Rh1 Ke6 31. a4 Rg2 32. a5 Rxf2 33. Bxf2 Rg2 34. axb6 axb6 35. Rf1 Bg5 36. b4 Bf4 37. Bxb6 Rb2 38. Be3 1-0


[Site "https://www.chess.com"]

[Event "Titled Tuesday Blitz June 20 Early 2023"]
[White "Mrudul Dehankar"]
[Black "Gritsenko, Nikolai"]
[WhiteFideId "25096990"]
[BlackFideId "14112493"]
[WhiteElo "2139"]
[BlackElo "2389"]
[Result "0-1"]
[Round "6"]
[TimeControl "180+2"]
[Date "2023.06.20"]
[WhiteClock "0:00:00"]
[BlackClock "0:00:17"]
[Board "124"]

1. e4 d5 2. exd5 Nf6 3. Nc3 Nxd5 4. Bc4 c6 5. Nge2 Bf5 6. d3 e6 7. O-O Bd6 8. Ng3 Bxg3 9. fxg3 Qb6+ 10. Kh1 Ne3 11. Bxe3 Qxe3 12. Rf3 Qd4 13. Qd2 O-O 14. Re1 Nd7 15. Rf4 Qd6 16. g4 Bg6 17. Ref1 b5 18. Bb3 a5 19. a4 Nc5 20. axb5 Nxb3 21. cxb3 Qxd3 22. Qf2 cxb5 23. Rf3 Qd7 24. Rg1 b4 25. Na4 Rad8 26. h4 h6 27. h5 Bh7 28. Qg3 Qe7 29. Re1 Rd4 30. Nb6 Qg5 31. Re5 Qxg4 0-1


[Site "https://www.chess.com"]

[Event "Titled Tuesday Blitz June 20 Early 2023"]
[White "FromTexas54"]
[Black "Vlassov, Nikolai"]
[BlackFideId "4103360"]
[WhiteElo "2418"]
[BlackElo "2324"]
[Result "0-1"]
[Round "6"]
[TimeControl "180+2"]
[Date "2023.06.20"]
[WhiteClock "0:00:05"]
[BlackClock "0:00:05"]
[Board "125"]

1. d4 Nf6 2. c4 Nc6 3. Nf3 e6 4. a3 g6 5. Nc3 Bg7 6. Bg5 O-O 7. e3 d6 8. Be2 h6 9. Bh4 Ne7 10. O-O Nf5 11. Bg3 Qe7 12. b4 b6 13. Nd2 Nxg3 14. hxg3 e5 15. Rc1 Bb7 16. Bf3 e4 17. Be2 Nh7 18. c5 dxc5 19. bxc5 Ng5 20. Qb3 Kh7 21. Nc4 Rfd8 22. Na5 Rab8 23. Nxb7 Rxb7 24. Bc4 Rbb8 25. Qa4 bxc5 26. dxc5 Qxc5 27. Nb5 c6 28. Nd4 Bxd4 29. exd4 Qxd4 30. Qxc6 e3 31. fxe3 Qxe3+ 32. Kh2 Rd2 33. Bxf7 Qe4 34. Qxe4 Nxe4 35. Rc7 Kh8 36. Bxg6 Nf2 37. Rh7+ Kg8 38. Re1 Ng4+ 39. Kh3 Nf2+ 40. Kh2 Ng4+ 41. Kh3 Nf2+ 42. Kh4 Rd4+ 43. Kh5 Rb5+ 44. Kxh6 Ng4# 0-1


[Site "https://www.chess.com"]

[Event "Titled Tuesday Blitz June 20 Early 2023"]
[White "Gatterer, Florian"]
[Black "Kononenko, Dmitry"]
[WhiteFideId "811688"]
[BlackFideId "14113538"]
[WhiteElo "2221"]
[BlackElo "2198"]
[Result "0-1"]
[Round "6"]
[TimeControl "180+2"]
[Date "2023.06.20"]
[WhiteClock "0:00:00"]
[BlackClock "0:00:53"]
[Board "126"]

1. c4 c5 2. Nf3 Nc6 3. Nc3 g6 4. b3 Bg7 5. Bb2 e6 6. g3 Nge7 7. h4 h5 8. Bg2 d5 9. d3 d4 10. Ne4 b6 11. a3 O-O 12. O-O a5 13. Bc1 e5 14. Bd2 Qc7 15. Qc1 Nf5 16. Bg5 f6 17. Bd2 Bb7 18. Kh2 Nd6 19. Nxd6 Qxd6 20. Bh6 Kh7 21. Bxg7 Kxg7 22. Nd2 f5 23. Nf3 Rae8 24. Ng5 e4 25. dxe4 Ne5 26. exf5 Ng4+ 27. Kg1 Bxg2 28. Kxg2 Rxf5 29. Qc2 Rxf2+ 30. Rxf2 Ne3+ 31. Kh3 Nxc2 32. Rf7+ Kg8 33. Raf1 Rxe2 34. R1f6 Qxf6 35. Rxf6 d3 36. Rxg6+ Kf8 37. Rd6 Nd4 0-1


[Site "https://www.chess.com"]

[Event "Titled Tuesday Blitz June 20 Early 2023"]
[White "Srdanovic, Jovana"]
[Black "Gomes, Luiz Alexandre de Souza"]
[WhiteFideId "954810"]
[BlackFideId "2102790"]
[WhiteElo "2155"]
[BlackElo "2416"]
[Result "0-1"]
[Round "6"]
[TimeControl "180+2"]
[Date "2023.06.20"]
[WhiteClock "0:00:00"]
[BlackClock "0:02:18"]
[Board "127"]

1. d4 Nf6 2. c4 c5 3. d5 b5 4. cxb5 a6 5. b6 g6 6. a4 Qxb6 7. Nc3 d6 8. a5 Qb4 9. Ra4 Qb7 10. e4 Bg7 11. Be2 Nbd7 12. Nf3 O-O 13. O-O Ne8 14. Ra2 Nc7 15. Bg5 Re8 16. Qd2 Nb5 17. Bh6 Bh8 18. h4 Ne5 19. Nxe5 Bxe5 20. Nxb5 axb5 21. h5 Bd7 22. f4 Bd4+ 23. Kh1 e6 24. f5 exf5 25. exf5 Qxd5 26. fxg6 hxg6 27. hxg6 fxg6 28. b4 Re5 0-1


[Site "https://www.chess.com"]